 Dungeon Crawl Stone Soup version 0.20-a0-261-gcb1eca7 (webtiles) character file.

4102 Coron the Protected (level 10, -2/85 HPs)
             Began as a Deep Dwarf Assassin on Dec 3, 2016.
             Was an Elder of Okawaru.
             Slain by RyokoTK's ghost (3 damage)
             ... on level 9 of the Dungeon.
             The game lasted 00:56:26 (8885 turns).

Coron the Protected (Deep Dwarf Assassin)           Turns: 8885, Time: 00:56:26

Health: -2/85      AC: 14    Str: 24    XL:     10   Next: 6%
Magic:  14/14      EV: 10    Int: 13    God:    Okawaru [****..]
Gold:   240        SH:  0    Dex: 14    Spells: 14/17 levels left

rFire  . . .     SeeInvis .     W - +1 falchion (holy)
rCold  . . .     Gourm    .     l - +3 ring mail
rNeg   . . .     Faith    .     (no shield)
rPois  .         Spirit   .     r - +0 helmet
rElec  .         Reflect  .     d - +0 cloak
rCorr  +         Harm     .     m - +0 pair of gloves
MR     +....     Clarity  +     i - +0 pair of boots
Stlth  +.........               k - amulet of magic regeneration
                                (no ring)
                                v - ring of resist corrosion

@: mighty, non-regenerating, very heavily drained
A: damage resistance, recharge devices, clarity, clever 1, low mp 1, sense
surroundings 2, slow regeneration 3, MP-powered wands
a: Device Recharging, Heroism, Renounce Religion


You were on level 9 of the Dungeon.
You worshipped Okawaru.
Okawaru was greatly pleased with you.
You were hungry.

You visited 1 branch of the dungeon, and saw 9 of its levels.
You also visited: Sewer and Ossuary.

You collected 630 gold pieces.
You spent 390 gold pieces at shops.

Inventory:

Hand Weapons
 a - a +1 vampiric hand axe
 b - a +0 blowgun
 F - a +0 long sword
 W - a +1 falchion of holy wrath (weapon)
Missiles
 e - 53 poisoned needles
 f - a curare-tipped needle
 J - 6 silver javelins (quivered)
 N - 5 needles of confusion
Armour
 d - a +0 cloak (worn)
 i - a +0 pair of boots (worn)
 l - a +3 ring mail (worn)
 m - a +0 pair of gloves (worn)
 r - a +0 helmet (worn)
 B - a +0 scale mail
 E - a +0 plate armour
 T - a +0 chain mail
Jewellery
 k - an amulet of magic regeneration (around neck)
 n - an uncursed ring of ice
 v - a ring of resist corrosion (left hand)
 U - an uncursed amulet of guardian spirit
Wands
 g - a wand of heal wounds (4/9)
 R - a wand of paralysis (13/24)
Scrolls
 o - a scroll of torment {unknown}
 q - a scroll of magic mapping {unknown}
 x - 2 scrolls of remove curse
 y - a scroll of blinking {unknown}
 z - 3 scrolls of amnesia
 H - 4 scrolls of teleportation
 M - a scroll of silence
 Q - a scroll of vulnerability {unknown}
 V - a scroll of identify
 X - 2 scrolls of recharging
 Z - a scroll of enchant armour {unknown}
Potions
 c - a potion of magic
 s - 5 potions of lignification
 t - 10 potions of curing
 u - 3 potions of might
 A - 7 potions of flight
 D - a potion of ambrosia
 G - 8 potions of agility
 I - a potion of haste {unknown}
 K - 3 potions of heal wounds
 L - 5 potions of brilliance
 O - a potion of mutation {unknown}
 P - 2 potions of berserk rage
Books
 S - a book of Necromancy

   Spells                             Type                      Level
   a - Pain                           Necromancy                   1
   b - Animate Skeleton               Necromancy                   1
   c - Vampiric Draining              Necromancy                   3
   d - Regeneration                   Charms/Necromancy            3
   e - Animate Dead                   Necromancy                   4
   f - Control Undead                 Necromancy                   4
Comestibles
 h - 4 bread rations
 j - 10 chunks of flesh
 w - 2 meat rations
 C - 4 beef jerkies
 Y - 2 slices of pizza


   Skills:
 + Level 3.9(0.3) Fighting
   Level 2.0(0.1) Short Blades
 - Level 5.2(1.7) Long Blades
   Level 3.4(0.0) Maces & Flails
 - Level 2.0(0.0) Throwing
 - Level 10.1(5.9) Armour
 - Level 1.1(0.0) Dodging
 - Level 5.0(1.3) Stealth
 - Level 4.0(0.4) Spellcasting
 - Level 6.6(2.8) Necromancy


You had 14 spell levels left.
You knew the following spells:

 Your Spells              Type           Power        Failure   Level  Hunger
a - Vampiric Draining     Necr           #.........   50%         3    ####...


Dungeon Overview and Level Annotations

Branches:
Dungeon (9/15)             Temple (0/1) D:7             Orc (0/2) D:9
   Lair: D:8-11

Altars:
Ashenzari
Dithmenos
Elyvilon
Fedhas
Gozag
Makhleb
Okawaru
Qazlal
Trog
Zin

Shops:
D:4 :   D:7 :

Annotations:
D:9 RyokoTK's ghost, novice FoFi


Innate Abilities, Weirdness & Mutations

You are resistant to damage.
You can recharge devices by infusing magical energy.
You passively map the area around you.
You do not regenerate.
You possess an exceptional clarity of mind.
Your mind is acute. (Int +2)
Your magical capacity is low. (-10% MP)
You expend magic power (3 MP) to strengthen your wands.


Message History

RyokoTK's ghost is heavily damaged.
RyokoTK's ghost hits you but does no damage.
You feel drained.
You closely miss RyokoTK's ghost.
RyokoTK's ghost is heavily damaged.
RyokoTK's ghost hits you!
You feel drained.
You hit RyokoTK's ghost.
RyokoTK's ghost convulses.
RyokoTK's ghost is severely damaged.
RyokoTK's ghost hits you but does no damage.
You feel drained.
You barely miss RyokoTK's ghost.
RyokoTK's ghost is severely damaged.
RyokoTK's ghost hits you!
* * * LOW HITPOINT WARNING * * *
You feel drained.
* * * LOW HITPOINT WARNING * * *
RyokoTK's ghost hits you!
* * * LOW HITPOINT WARNING * * *
You feel drained.
You die...

* #>.###### #.# *
#.##......######## #.#
#.#........##....# #.# ,
,
#...........#....####.#
#...........#....#....#
,
#...........#.......#.##
,,
#.......................
, ,
#............)....##...#
,, *
*.#....@......<..##..#..
,
#.....W..##.##.[##......
#.......##...##....#....
#......##.....##........
#......#.......##.##....
..........._......##....
.#.....#.. .#..##....
..#...* *## ##.... * **
**, ......


You could see RyokoTK's ghost.

Vanquished Creatures
  Grinder (D:4)
  The ghost of Coron the Conjurer, an amateur DDCj (D:3)
  2 water moccasins
  Duvessa (D:5)
  3 orc warriors
  A sky beast (D:7)
  An ice beast (D:8)
  A phantom (D:6)
  A necrophage (D:7)
  3 ogres
  4 bullfrogs
  Blork the orc (D:4)
  Dowan (D:5)
  3 scorpions
  5 killer bees (D:7)
  4 wights (D:6)
  4 howler monkeys
  5 crimson imps
  2 centaur zombies
  4 hounds
  A jelly (D:7)
  3 orc priests
  2 centaur skeletons
  A bullfrog skeleton (D:7)
  3 worker ants
  Ijyb (D:3)
  2 iguanas (D:6)
  4 orc wizards
  Terence (D:3)
  A killer bee zombie (D:7)
  A big kobold zombie (Ossuary)
  A hound skeleton (D:6)
  9 mummies
  4 gnolls (D:2)
  10 adders
  14 river rats
  3 shadow imps
  An ooze (Sewer)
  An adder skeleton (D:4)
  4 worms
  14 dart slugs
  4 leopard geckos
  32 orcs
  7 ball pythons
  10 giant cockroaches
  2 gnoll zombies (Ossuary)
  6 goblins
  7 hobgoblins
  7 jackals
  22 kobolds
  9 quokkas
  A ball python skeleton (D:5)
  8 bats
  3 frilled lizards
  A giant cockroach zombie (D:6)
  A hobgoblin zombie (Ossuary)
  A jackal skeleton (D:5)
  2 kobold zombies (Ossuary)
  2 orc zombies (Ossuary)
  39 rats
293 creatures vanquished.

Vanquished Creatures (others)
  A dart slug (D:5)
1 creature vanquished.

Grand Total: 294 creatures vanquished

Notes
Turn   | Place    | Note
-------+----------+-------------------------------------------
     0 | D:1      | Coron the Deep Dwarf Assassin began the quest for the Orb.
     0 | D:1      | Reached XP level 1. HP: 19/19 MP: 1/1
   152 | D:1      | Reached skill level 5 in Stealth
   156 | D:1      | Reached XP level 2. HP: 24/26 MP: 2/2
   228 | D:1      | Reached skill level 1 in Armour
   467 | D:1      | Reached skill level 2 in Armour
   471 | D:1      | Reached XP level 3. HP: 14/32 MP: 3/3
   845 | D:2      | Reached skill level 3 in Armour
   882 | D:2      | Reached XP level 4. HP: 22/39 MP: 4/4
  1137 | D:2      | Reached skill level 4 in Armour
  1315 | D:2      | Reached skill level 1 in Maces & Flails
  1350 | D:3      | Reached XP level 5. HP: 30/45 MP: 5/5
  1369 | D:3      | Noticed Ijyb
  1381 | D:3      | Killed Ijyb
  1441 | D:3      | Noticed Terence
  1461 | D:3      | Killed Terence
  1606 | D:3      | Found an iron altar of Okawaru.
  1641 | D:3      | Became a worshipper of Warmaster Okawaru
  2050 | D:3      | Noticed Coron's ghost (amateur DDCj)
  2096 | D:3      | Killed Coron's ghost
  2096 | D:3      | Reached * piety under Okawaru
  2096 | D:3      | Reached skill level 5 in Armour
  2096 | D:3      | Reached XP level 6. HP: 35/52 MP: 6/6
  2417 | D:4      | Found Tafa's Book Shoppe.
  2469 | D:4      | Found a glowing drain.
  2473 | Sewer    | Entered a sewer
  2712 | Sewer    | Reached skill level 6 in Armour
  2963 | Sewer    | Reached XP level 7. HP: 35/60 MP: 7/7
  3222 | D:4      | Reached skill level 1 in Spellcasting
  3323 | D:4      | Noticed Blork the orc
  3330 | D:4      | Killed Blork the orc
  3404 | D:4      | Found a burning altar of Makhleb.
  3411 | D:4      | Reached ** piety under Okawaru
  3684 | D:4      | Found a stormy altar of Qazlal.
  3684 | D:4      | Found a shadowy altar of Dithmenos.
  3717 | D:4      | Noticed Grinder
  3719 | D:4      | Paralysed by Grinder for 4 turns
  3728 | D:4      | Paralysed by Grinder for 3 turns
  3758 | D:4      | Killed Grinder
  3871 | D:5      | Entered Level 5 of the Dungeon
  3872 | D:5      | Noticed Duvessa
  3873 | D:5      | Noticed Dowan
  4097 | D:5      | Reached XP level 8. HP: 40/67 MP: 12/14
  4168 | D:5      | Found a sand-covered staircase.
  4178 | Ossuary  | Entered an ossuary
  4548 | D:4      | Bought a book of Necromancy for 390 gold pieces
  4552 | D:4      | Learned a level 3 spell: Vampiric Draining
  4964 | D:5      | Reached skill level 1 in Necromancy
  5150 | D:5      | Killed Duvessa
  5161 | D:5      | Killed Dowan
  5162 | D:5      | Reached skill level 5 in Necromancy
  5597 | D:6      | Found a blossoming altar of Fedhas.
  5789 | D:6      | Reached *** piety under Okawaru
  5789 | D:6      | Received a gift from Okawaru
  5943 | D:6      | Gained mutation: You passively map the area around you. [Deep Dwarf growth]
  5943 | D:6      | Reached XP level 9. HP: 43/75 MP: 8/15
  6361 | D:6      | Reached skill level 7 in Armour
  6802 | D:7      | Reached skill level 8 in Armour
  6807 | D:7      | Gained mutation: You expend magic power (3 MP) to strengthen your wands. [mutagenic meat]
  6808 | D:7      | Gained mutation: You possess an exceptional clarity of mind. [mutagenic meat]
  6809 | D:7      | Gained mutation: Your magical capacity is low. (-10% MP) [mutagenic meat]
  6810 | D:7      | Gained mutation: Your mind is acute. (Int +2) [mutagenic meat]
  6847 | D:7      | Found Pusoum's Book Emporium.
  7106 | D:7      | Found a staircase to the Ecumenical Temple.
  7170 | D:7      | Reached skill level 9 in Armour
  7545 | D:7      | Reached skill level 10 in Armour
  8125 | D:8      | Reached **** piety under Okawaru
  8285 | D:8      | Found an opulent altar of Gozag.
  8286 | D:8      | Found a shattered altar of Ashenzari.
  8286 | D:8      | Found a white marble altar of Elyvilon.
  8298 | D:8      | Found a bloodstained altar of Trog.
  8333 | D:8      | Reached skill level 5 in Long Blades
  8682 | D:8      | Reached XP level 10. HP: 69/84 MP: 1/14
  8768 | D:9      | Noticed RyokoTK's ghost (novice FoFi)
  8768 | D:9      | Found a glowing silver altar of Zin.
  8869 | D:9      | Found a staircase to the Orcish Mines.
  8885 | D:9      | HP: 1/85 [RyokoTK's ghost (13)]
  8885 | D:9      | Slain by RyokoTK's ghost

Vault maps used:
D:1:      dpeg_arrival_erosion
D:2:      minmay_pentomino_s2
D:3:      minmay_misc_feat_chi, okawaru_trees_1, uniq_terence, uniq_iyjb
D:4:      overflow_temple_1_default, gammafunk_temple_overflow_wave,
          serial_shops, nicolae_shop_statue_plus, gup_sewer_entry_bowl,
          uniq_blork_the_orc, uniq_grinder
D:5:      kennysheep_slugbush, first_bread, gup_ossuary_entry_pyramid,
          uniq_duvessa
D:6:      lemuel_ratsnest, lemuel_doored_altar
D:7:      serial_shops, shop
D:8:      nicolae_overflow_quartered_altars
D:9:      lemuel_round_altar
Sewer:    sewer_minmay_treatment
Ossuary:  ossuary_tomb_3

Skill      XL: |  1  2  3  4  5  6  7  8  9 |
---------------+----------------------------+-----
Throwing       | 2 |  2.0
Fighting       | 2 3 |  3.9
Stealth        | 5 |  5.0
Short Blades   | 2 |  2.0
Armour         | 2 3 4 5 6 10 | 10.1
Maces & Flails | 1 3 |  3.4
Spellcasting   | 4 |  4.0
Long Blades    | 2 3 5 |  5.2
Necromancy     | 6 |  6.6
Dodging        | |  1.1

Action                   |  1- 3 |  4- 6 |  7- 9 | 10-12 || total
-------------------------+-------+-------+-------+-------++-------
Melee: Dagger            |   103 |    20 |     6 |       ||   129
       Mace              |       |   116 |       |       ||   116
       Long sword        |       |   172 |   523 |       ||   695
       Punch             |       |       |     1 |       ||     1
       Falchion          |       |       |    58 |    21 ||    79
       Hand axe          |       |       |    16 |    58 ||    74
 Fire: Blowgun           |    16 |    34 |    26 |       ||    76
 Cast: Vampiric Draining |       |       |    86 |     1 ||    87
Invok: Heroism           |       |       |    13 |       ||    13
Evoke: Wand              |     1 |     4 |     3 |       ||     8
  Use: Scroll            |     6 |     7 |    11 |     2 ||    26
       Potion            |       |       |     3 |     1 ||     4
 Stab: Sleeping          |     4 |     5 |    12 |       ||    21
       Distracted        |     1 |       |     1 |       ||     2
  Eat: Chunk             |       |     7 |    29 |     1 ||    37
       Pizza             |       |       |     2 |       ||     2
       Beef jerky        |       |       |     1 |       ||     1
       Meat ration       |       |       |     1 |       ||     1
Armor: Robe              |     8 |       |       |       ||     8
       Leather armour    |    37 |     9 |       |       ||    46
       Ring mail         |       |   165 |   385 |    49 ||   599
Dodge: Dodged            |    62 |   193 |   483 |    50 ||   788
       Rpst.: Long sword |       |    29 |   127 |       ||   156
       Falchion          |       |       |    11 |     2 ||    13
